 Dungeon Crawl Stone Soup version 0.28-a0-1506-g3893175d92 (webtiles) character file.

Game seed: 5687964644424400109

553 knot the Chopper (level 7, 41/78 HPs)
             Began as a Demonspawn Berserker on Jan 14, 2022.
             Was a Believer of Trog.
             Quit the game on level 4 of the Dungeon.
             The game lasted 00:04:50 (4030 turns).

knot the Chopper (Demonspawn Berserker)             Turns: 4030, Time: 00:04:50

Health: 41/78      AC:  7    Str: 17    XL:     7   Next: 8%
Magic:  7/7        EV: 11    Int: 10    God:    Trog [**....]
Gold:   160        SH:  5    Dex: 13    Spells: 6/6 levels left

rFire   . . .      SeeInvis .   t - +0 battleaxe
rCold   . . .      Faith    .   (shield currently unavailable)
rNeg    . . .      Spirit   .   d - +0 ring mail
rPois   .          Reflect  +   (no helmet)
rElec   .          Harm     .   (no cloak)
rCorr   .          Rampage  .   (no gloves)
Will    .....                   (no boots)
Stlth   ..........              i - amulet of reflection
HPRegen 0.23/turn               (no ring)
MPRegen 0.10/turn               (no ring)

@: berserking (expiring), very quick
A: hooves 1, powered by death 2, sharp scales 2
a: Renounce Religion, Berserk, Trog's Hand


You were on level 4 of the Dungeon.
You worshipped Trog.
Trog was pleased with you.
You visited 1 branch of the dungeon, and saw 4 of its levels.
You also visited: Sewer.

You collected 160 gold pieces.

Inventory:

Hand Weapons
 a - a +0 hand axe
 t - a +0 battleaxe (weapon)
Missiles
 e - 6 poisoned darts
 f - 86 stones
 g - a boomerang (quivered)
Armour
 d - a +0 ring mail (worn)
Jewellery
 i - an amulet of reflection (around neck)
Wands
 v - a wand of paralysis (10)
Scrolls
 k - a scroll of teleportation
 m - a scroll of magic mapping {unknown}
 n - a scroll of brand weapon {unknown}
 q - a scroll of amnesia {unknown}
 s - a scroll of enchant armour {unknown}
 u - 2 scrolls of identify {unknown}
Potions
 b - 3 potions of heal wounds {unknown}
 c - 2 potions of curing {unknown}
 h - a potion of resistance {unknown}
 j - a potion of degeneration {unknown}
 l - 2 potions of haste {unknown}
 o - a potion of magic {unknown}
 p - a potion of berserk rage {unknown}
 r - a potion of lignification {unknown}
 w - a potion of mutation {unknown}
 x - a potion of brilliance {unknown}


   Skills:
 - Level 3.0 Fighting
 * Level 5.8 Axes
 * Level 4.3 Throwing
 - Level 1.7 Armour
 - Level 1.7 Dodging


You had 6 spell levels left.
You didn't know any spells.
Your spell library contained the following spells:

 Spells                   Type           Power      Damage    Failure   Level
 Tukima's Dance           Hex            0%         N/A       90%         3
 Anguish                  Hex/Necr       0%         N/A       100%        4
 Enfeeble                 Hex            0%         N/A       100%        7


Dungeon Overview and Level Annotations

Branches:
Dungeon (4/15)              Sewer (visited)
 Temple: D:4-7

Altars:


Innate Abilities, Weirdness & Mutations

You have large cloven feet.
You regenerate health from kills.
You are mostly covered in razor-sharp scales. (AC +2, Slay +2)


Message History

The adder closely misses you. The adder bites you.
You barely miss the adder.
The adder is lightly wounded.
The adder barely misses you.
You closely miss the adder.
The adder is lightly wounded.
The adder barely misses you. You block the adder's attack.
You closely miss the adder.
The adder is lightly wounded.
The adder closely misses you. The adder barely misses you.
A red film seems to cover your vision as you go berserk!
You feel yourself moving faster!
You feel mighty! The adder bites you.
You miss the adder.
The adder is lightly wounded.
The adder completely misses you.
You slash the adder!
You kill the adder!
Trog accepts your kill.
You closely miss Edmund.
Edmund hits you with a +5 flail of holy wrath!
You convulse.
You slash Edmund!
Edmund is moderately wounded.
Edmund hits you with a +5 flail of holy wrath.
You convulse.
You hit Edmund.
Edmund is moderately wounded.
Edmund hits you with a +5 flail of holy wrath.
You convulse.
You slash Edmund!
Edmund is heavily wounded.
Edmund barely misses you.
You slice Edmund!!
You kill Edmund!
Trog accepts your kill.
Your Throwing skill increases to level 4!
You have reached level 7!
Your demonic ancestry asserts itself...
Your feet thicken and deform.
Are you sure you want to abandon this character and quit the game? (Confirm with "yes".)

#####....#.#<..#.##.....#
.........#.#.#.#.##.....#
#####....#.#.#.#.########
#....# #.#.#.# #....#
#.#.#.# ###### #...#.# ..
#$#####.###....
#..............
#######@###.... #)# ##
#.# #.# #.# #.# ... ...


There were no monsters in sight!

Vanquished Creatures
  Edmund (D:4)
  2 bullfrogs (Sewer)
  A scorpion (D:4)
  A howler monkey skeleton (D:4)
  6 adders
  10 river rats
  2 worms (D:2)
  5 dart slugs
  11 orcs
  9 ball pythons
  3 endoplasms
  A giant cockroach (D:3)
  4 goblins
  8 hobgoblins
  2 quokkas
  3 bats
  10 frilled lizards
  4 kobolds
  20 rats
103 creatures vanquished.

Notes
Turn   | Place    | Note
-------+----------+-------------------------------------------
     0 | D:1      | knot the Demonspawn Berserker began the quest for the Orb.
     0 | D:1      | Reached XP level 1. HP: 18/18 MP: 1/1
   225 | D:1      | Reached skill level 3 in Axes
   275 | D:1      | Found a faded altar of an unknown god.
   857 | D:2      | Gained mutation: You regenerate a little health from kills.
                  | [demonic ancestry]
   857 | D:2      | Reached XP level 2. HP: 22/24 MP: 2/2
  1265 | D:2      | Reached XP level 3. HP: 29/29 MP: 3/3
  1822 | D:3      | Reached skill level 1 in Throwing
  1823 | D:3      | Reached skill level 4 in Axes
  1885 | D:3      | Gained mutation: You are partially covered in razor-sharp
                  | scales. (AC +1, Slay +1) [demonic ancestry]
  1885 | D:3      | Reached XP level 4. HP: 35/35 MP: 4/4
  1961 | D:3      | Found a glowing drain.
  1967 | Sewer    | Entered a sewer
  2311 | Sewer    | Gained mutation: You are mostly covered in razor-sharp
                  | scales. (AC +2, Slay +2) [demonic ancestry]
  2311 | Sewer    | Reached XP level 5. HP: 8/41 MP: 5/5
  2715 | Sewer    | Reached ** piety under Trog
  2843 | Sewer    | Reached skill level 5 in Axes
  2845 | Sewer    | Gained mutation: You regenerate health from kills. [demonic
                  | ancestry]
  2845 | Sewer    | Reached XP level 6. HP: 47/47 MP: 6/6
  4012 | D:4      | Noticed Edmund
  4029 | D:4      | Killed Edmund
  4030 | D:4      | Gained mutation: You have large cloven feet. [demonic
                  | ancestry]
  4030 | D:4      | Reached XP level 7. HP: 41/52 MP: 7/7
  4030 | D:4      | Quit the game

Illustrated notes

Levels and vault maps discovered:
D:1:      kennysheep_arrival_seaside, layout_loops_ring,
          hellmonk_ecumenical_altar_arch_garden
D:2:      layout_basic, minmay_misc_feat_cross
D:3:      layout_rooms, gup_sewer_entry_bubbles
D:4:      minmay_polygon_palace, layout_basic, mainiacjoe_overflow_brackets,
          serial_rivers, chequers_serial_rivers_large_a,
          chequers_serial_rivers_small_b, chequers_serial_rivers_micro_e,
          chequers_serial_rivers_small_3, chequers_serial_rivers_micro_a,
          chequers_serial_rivers_micro_a, uniq_sigmund, uniq_edmund,
          uniq_blork_the_orc

Skill      XL: |  1  2  3  4  5  6 |
---------------+-------------------+-----
Axes           | 3 4 5 |  5.8
Throwing       | 1 2 3 4 |  4.3
Fighting       | |  3.0
Armour         | |  1.7
Dodging        | |  1.7

Action                   |  1- 3 |  4- 6 |  7- 9 || total
-------------------------+-------+-------+-------++-------
Melee: Hand axe          |    53 |   127 |       ||   180
       Punch             |       |     5 |       ||     5
       Battleaxe         |       |    62 |       ||    62
Throw: Boomerang         |    39 |    12 |       ||    51
Invok: Berserk           |     3 |     4 |       ||     7
  Use: Scroll            |     3 |       |       ||     3
 Stab: Sleeping          |     1 |       |       ||     1
Armor: Animal skin       |     1 |       |       ||     1
       Ring mail         |     9 |    43 |       ||    52
Dodge: Dodged            |    31 |    98 |       ||   129
Block: Other             |     7 |    41 |       ||    48
       Reflection        |     1 |       |       ||     1

Table legend: (Time is in decaauts)
 A = Elapsed time spent in this place.
 B = Non-inter-level travel time spent in this place.
 C = Inter-level travel time spent in this place.
 D = Time resting spent in this place.
 E = Time spent auto-exploring this place.
 F = Levels seen in this place.
 G = Mean time per level.
                   A        B        C        D        E       F      G
               +--------+--------+--------+--------+--------+-----+--------+
         Total |   4207 |   4056 |    151 |   1106 |   2278 |   5 |  841.4 |
       Dungeon |   3101 |   2950 |    151 |    393 |   2076 |   4 |  775.2 |
         Sewer |   1105 |   1105 |      0 |    713 |    201 |   1 | 1105.0 |
               +--------+--------+--------+--------+--------+-----+--------+

Top non-repeatable levels by time:
   Sewer: 1105 daAuts
     D:2: 975 daAuts
     D:1: 853 daAuts
     D:3: 637 daAuts
     D:4: 635 daAuts
